 Dungeon Crawl Stone Soup version 0.23-a0-712-g3a644c0 (console) character file.

20 Duffy the Firebug (level 2, 19/19 HPs)
             Began as a Demonspawn Fire Elementalist on Jan 15, 2019.
             Quit the game on level 3 of the Dungeon.
             The game lasted 00:00:30 (766 turns).

Duffy the Firebug (Demonspawn Fire Elementalist)     Turns: 766, Time: 00:00:32

Health: 19/19      AC:  5    Str:  8    XL:     2   Next: 58%
Magic:  5/5        EV: 12    Int: 16    God:
Gold:   43         SH:  0    Dex: 13    Spells: 4/5 levels left

rFire    . . .     SeeInvis .   (no weapon)
rCold    . . .     Gourm    .   (no shield)
rNeg     . . .     Faith    .   a - +0 robe
rPois    .         Spirit   .   f - +0 helmet
rElec    .         Reflect  .   (no cloak)
rCorr    .         Harm     .   (no gloves)
MR       .....                  (no boots)
Stlth    ++........             (no amulet)
HPRegen  0.06/turn              (no ring)
MPRegen  0.09/turn              (no ring)

@: no status effects
A: thin metallic scales 1
a: no special abilities


You were on level 3 of the Dungeon.
You were not hungry.

You visited 1 branch of the dungeon, and saw 3 of its levels.

You collected 43 gold pieces.

Inventory:

Armour
 a - a +0 robe (worn)
 f - a +0 helmet (worn)
Scrolls
 e - a scroll of identify {unknown}
 g - a scroll of blinking {unknown}
 i - a scroll of remove curse {unknown}
Potions
 b - a potion of resistance {unknown}
 h - 2 potions of curing {unknown}
Comestibles
 c - a ration
 d - 4 chunks of flesh


   Skills:
 - Level 1.7 Dodging
 - Level 1.7 Stealth
 - Level 2.0 Spellcasting
 + Level 2.6 Conjurations
 - Level 2.6 Fire Magic


You had 4 spell levels left.
You knew the following spells:

 Your Spells              Type           Power        Failure   Level  Hunger
h - Flame Tongue          Conj/Fire      ##...        7%          1    #......

Your spell library contained the following spells:

 Spells                   Type           Power        Failure   Level  Hunger
 Throw Flame              Conj/Fire      ##....       11%         2    ###....
 Conjure Flame            Conj/Fire      ##......     21%         3    ###....
 Inner Flame              Hex/Fire       #.......     34%         3    ###....
 Sticky Flame             Conj/Fire      ##......     56%         4    #####..
 Fireball                 Conj/Fire      ##........   88%         5    ######.


Dungeon Overview and Level Annotations

Branches:
Dungeon (3/15)

Altars:
Dithmenos


Innate Abilities, Weirdness & Mutations

You are partially covered in thin metallic scales. (AC +2)


Message History

Press: ? - help, Shift-Dir - straight line, f/p - frilled lizard
Aim: a frilled lizard (moderately wounded)
The flame tongue misses the frilled lizard.
Casting: Flame Tongue (safe; 7% risk of failure)
Confirm with . or Enter, or press ? or * to list all spells.
Aiming: Flame Tongue (safe; 7% risk of failure)
Press: ? - help, Shift-Dir - straight line, f/p - frilled lizard
Aim: a frilled lizard (moderately wounded)
The flame tongue hits the frilled lizard.
You kill the frilled lizard!
You butcher the frilled lizard corpse.
d - 4 chunks of flesh (gained 1)
You see here a frilled lizard skeleton. x2
You now have 43 gold pieces (gained 19).
Found 18 stones.
h - 2 golden potions (gained 1)
You see here a short sword.
Found a stone staircase leading up.
Found a shadowy altar of Dithmenos.
Are you sure you want to abandon this character and quit the game? (Confirm with "yes".)

### # #.. .# #.# #.##
#.# #...##
##.#######.....##
#####........@.......
#........#####.....#.
#.###.)#......#.#.<..
####.###..######.._.....
#...........).# #.# #
#.#...##).###.# .#
#.............# #
#...<.##..##..##
#..#.###.......#


There were no monsters in sight!

Vanquished Creatures
  An adder (D:3)
  A leopard gecko (D:2)
  A goblin (D:2)
  2 hobgoblins
  2 kobolds
  2 frilled lizards (D:3)
  A rat (D:2)
10 creatures vanquished.

Notes
Turn   | Place    | Note
-------+----------+-------------------------------------------
     0 | D:1      | Duffy the Demonspawn Fire Elementalist began the quest for
                  | the Orb.
     0 | D:1      | Reached XP level 1. HP: 13/13 MP: 3/3
   524 | D:2      | Gained mutation: You are partially covered in thin metallic
                  | scales. (AC +2) [demonic ancestry]
   524 | D:2      | Reached XP level 2. HP: 19/19 MP: 1/5
   765 | D:3      | Found a shadowy altar of Dithmenos.
   766 | D:3      | Quit the game

Vault maps used:
D:1:      minmay_arrival_widening_spiral_wide, hangedman_feature_mirror
D:2:      first_ration, uniq_sigmund
D:3:      lemuel_crystal_altar

Skill      XL: |  1 |
---------------+----+-----
Conjurations   | 2 |  2.6
Dodging        | |  1.7
Stealth        | |  1.7
Spellcasting   | |  2.0
Fire Magic     | |  2.6

Action                   || total
-------------------------++-------
 Cast: Flame Tongue      ||    18
Dodge: Dodged            ||     3

Table legend:
 A = Non-vault XP
 B = Vault XP
 C = Vault XP percentage of total XP
 D = Non-vault monster count
 E = Vault monster count
 F = Vault count percentage of total count
                 A         B        C        D         E       F
            +---------+---------+-------+---------+---------+-------
      Total |      29 |       0 |   0.0 |      10 |       0 |   0.0
            +---------+---------+-------+---------+---------+-------
        D:1 |       2 |       0 |   0.0 |       1 |       0 |   0.0
        D:2 |      10 |       0 |   0.0 |       5 |       0 |   0.0
        D:3 |      17 |       0 |   0.0 |       4 |       0 |   0.0
            +---------+---------+-------+---------+---------+-------
